 Dungeon Crawl Stone Soup version 0.23-a0-650-ga4d50d4 (console) character file.

2177 Duffy the Magician (level 9, 64/64 HPs)
             Began as a Demonspawn Fire Elementalist on Jan 6, 2019.
             Was a Believer of Sif Muna.
             Quit the game on level 6 of the Dungeon.
             The game lasted 00:14:58 (8851 turns).

Duffy the Magician (Demonspawn Fire Elementalist)   Turns: 8851, Time: 00:14:59

Health: 64/64      AC: 10    Str:  9    XL:     9   Next: 11%
Magic:  18/18      EV: 12    Int: 19    God:    Sif Muna [**....]
Gold:   104        SH:  0    Dex: 14    Spells: 8/21 levels left

rFire    . . .     SeeInvis .   z - +3 quarterstaff (chaos)
rCold    + . .     Gourm    .   (shield currently unavailable)
rNeg     + . .     Faith    .   E - +2 robe {rN+}
rPois    .         Spirit   +   (helmet restricted)
rElec    .         Reflect  .   A - +0 cloak (curse)
rCorr    .         Harm     .   b - +1 pair of gloves
MR       .....                  (no boots)
Stlth    ++++......             (no amulet)
HPRegen  0.20/turn              l - ring of protection from cold
MPRegen  0.16/turn              a - ring of wizardry

@: divine energy
A: antennae 1, thin metallic scales 2, nightstalker 2, magic shield
a: Stop Divine Energy, Renounce Religion


You were on level 6 of the Dungeon.
You worshipped Sif Muna.
Sif Muna was pleased with you.
You were not hungry.

You visited 2 branches of the dungeon, and saw 7 of its levels.
You also visited: Sewer.

You collected 317 gold pieces.
You spent 213 gold pieces at shops.

Inventory:

Hand Weapons
 j - a +0 whip
 v - a +0 blowgun
 z - a +3 quarterstaff of chaos (weapon)
 I - a +2 dagger of venom
Missiles
 y - 19 poisoned needles
 C - a tomahawk of dispersal (quivered)
Armour
 b - a +1 pair of gloves (worn)
 q - a +0 shield
 A - a cursed +0 cloak (worn)
 E - a +2 robe of positive energy (worn)
Jewellery
 a - a ring of wizardry (right hand)
 l - a ring of protection from cold (left hand)
Wands
 s - a wand of disintegration (14)
 H - a wand of iceblast (11)
Scrolls
 d - 2 scrolls of fog
 h - 2 scrolls of blinking
 i - a scroll of noise {unknown}
 m - 2 scrolls of magic mapping
 p - a scroll of teleportation
 r - a scroll of enchant armour
 u - 2 scrolls of amnesia
 w - a scroll of fear
 F - a scroll of random uselessness {unknown}
 G - 3 scrolls of remove curse {unknown}
 J - a scroll of enchant weapon {unknown}
Potions
 e - a potion of magic {unknown}
 f - 3 potions of resistance
 g - 5 potions of curing
 k - a potion of degeneration {unknown}
 n - 2 potions of cancellation
 o - 2 potions of flight
 t - a potion of berserk rage
 x - a potion of heal wounds
 D - 2 potions of haste
Comestibles
 c - 7 rations


   Skills:
 - Level 3.4 Fighting
 - Level 1.7 Dodging
 - Level 1.7 Stealth
 + Level 6.5 Spellcasting
 - Level 6.4 Conjurations
 - Level 6.0 Fire Magic
 - Level 2.6 Evocations


You had 8 spell levels left.
You knew the following spells:

 Your Spells              Type           Power        Failure   Level  Hunger
h - Flame Tongue          Conj/Fire      ####.        1%          1    None
j - Sticky Flame          Conj/Fire      ####....     3%          4    ####...
k - Fireball              Conj/Fire      ####......   9%          5    #####..
l - Conjure Flame         Conj/Fire      ####....     1%          3    ##.....

Your spell library contained the following spells:

 Spells                   Type           Power        Failure   Level  Hunger
 Throw Flame              Conj/Fire      ####..       1%          2    None
 Inner Flame              Hex/Fire       ###.....     4%          3    ##.....


Dungeon Overview and Level Annotations

Branches:
Dungeon (6/15)             Temple (1/1) D:4

Altars:
Ashenzari
Cheibriados
Elyvilon
Fedhas
Kikubaaqudgha
Makhleb
Okawaru
Qazlal
Ru
Sif Muna
Trog
Uskayaw
Vehumet
Wu Jian
Yredelemnul
Zin

Shops:
D:4 %(*   D:5 [   D:6 [


Innate Abilities, Weirdness & Mutations

You have a pair of small antennae on your head.
You are mostly covered in thin metallic scales. (AC +3)
You are significantly more attuned to the shadows.
When hurt, damage is shared between your health and your magic reserves.


Message History

Confirm with . or Enter, or press ? or * to list all spells.
Aiming: Sticky Flame (safe; 4% risk of failure)
Press: ? - help, Shift-Dir - straight line, f/p - Pikel
Aim: Pikel, wielding a +1 whip of freezing and wearing a +0 robe (almost dead, The sticky flame hits Pikel.
You kill Pikel!
Sif Muna accepts your kill.
Your Spellcasting skill increases to level 6!
You have reached level 9!
Your experience leads to an increase in your attributes!
Increase (S)trength, (I)ntelligence, or (D)exterity?
You feel clever.
Your demonic ancestry asserts itself...
You feel your magical essence form a protective shroud around your flesh.
You start resting.
HP restored.
All of the chunks of flesh in your inventory have rotted away.
Magic restored.
Things that are here:
a +1 whip of freezing; a +0 robe; the big kobold corpse of Pikel Are you sure you want to abandon this character and quit the game? (Confirm

#..###............................
###.)...[..........................
.....#.......................%.....
##...#.............................
#....[.)...........................
...................................
...................................
...................................
.................@.................
..................................#
..>.... ......................##
....... .....................###
.###### ....................## #
##7 >..................## ## ..7._
...................%.###. .....
.......<...........#..##.. .....
.................###......


There were no monsters in sight!

Vanquished Creatures
  Pikel (D:6)
  Eustachio (D:4)
  Edmund (D:6)
  4 slaves
  A phantom (D:4)
  2 ogres
  A big kobold (Sewer)
  Blork the orc (D:4)
  2 bullfrogs (D:6)
  A scorpion (D:4)
  A howler monkey (D:6)
  A bullfrog zombie (D:5)
  3 crimson imps
  A centaur zombie (D:6)
  A quasit (D:6)
  3 hounds
  Crazy Yiuf (D:4)
  2 orc priests
  A centaur skeleton (D:4)
  2 orc wizards
  An iguana (D:5)
  Natasha (thrice) (D:3)
  A worker ant (D:6)
  A hound skeleton (D:4)
  A worker ant zombie (D:5)
  A howler monkey skeleton (D:5)
  8 adders
  2 river rats
  6 worms
  A dart slug (D:2)
  4 leopard geckos
  28 orcs
  7 giant cockroaches
  5 goblins
  3 hobgoblins
  9 jackals
  3 quokkas
  8 ball pythons
  6 bats
  3 frilled lizards
  12 kobolds
  13 rats
157 creatures vanquished.

Notes
Turn   | Place    | Note
-------+----------+-------------------------------------------
     0 | D:1      | Duffy the Demonspawn Fire Elementalist began the quest for
                  | the Orb.
     0 | D:1      | Reached XP level 1. HP: 13/13 MP: 3/3
   350 | D:1      | Gained mutation: You are slightly more attuned to the
                  | shadows. [demonic ancestry]
   350 | D:1      | Reached XP level 2. HP: 19/19 MP: 1/5
  1109 | D:1      | Gained mutation: You are partially covered in thin metallic
                  | scales. (AC +2) [demonic ancestry]
  1109 | D:1      | Reached XP level 3. HP: 24/24 MP: 6/6
  1114 | D:1      | Learned a level 3 spell: Conjure Flame
  2429 | D:2      | Gained mutation: You are significantly more attuned to the
                  | shadows. [demonic ancestry]
  2429 | D:2      | Reached XP level 4. HP: 23/30 MP: 0/8
  2740 | D:2      | Learned a level 4 spell: Sticky Flame
  2755 | D:3      | Noticed Natasha
  3512 | D:4      | Reached XP level 5. HP: 35/35 MP: 2/10
  3572 | D:4      | Found Yvved's Antique Weapon Boutique.
  3641 | D:4      | Found Vonaom's Assorted Antiques.
  3682 | D:4      | Noticed Blork the orc
  3691 | D:4      | Killed Blork the orc
  3796 | D:4      | Noticed Eustachio
  3900 | D:4      | Found a glowing drain.
  3907 | Sewer    | Entered a sewer
  4170 | Sewer    | Gained mutation: You have a pair of small antennae on your
                  | head. [demonic ancestry]
  4170 | Sewer    | Reached XP level 6. HP: 27/41 MP: 6/12
  4735 | D:4      | Found a staircase to the Ecumenical Temple.
  4743 | Temple   | Entered the Ecumenical Temple
  4913 | Temple   | Learned a level 5 spell: Fireball
  4925 | Temple   | Became a worshipper of Sif Muna the Loreminder
  5172 | D:4      | Reached XP level 7. HP: 33/46 MP: 1/13
  5311 | D:4      | Killed Eustachio
  5311 | D:4      | Reached skill level 5 in Conjurations
  5504 | D:4      | Found a runed door.
  5508 | D:4      | Noticed Crazy Yiuf
  5519 | D:4      | Killed Crazy Yiuf
  5519 | D:4      | Reached skill level 5 in Spellcasting
  5652 | D:4      | Found Wuunyihi's Food Shop.
  5728 | D:4      | Bought a scroll labeled AGIALL WOKE for 24 gold pieces
  5728 | D:4      | Bought a scroll labeled DITHEO MOKAENU for 24 gold pieces
  5728 | D:4      | Bought a scroll labeled YCHYLE NIBE for 24 gold pieces
  5728 | D:4      | Bought a scroll labeled DITHEO MOKAENU for 24 gold pieces
  5728 | D:4      | Bought a coppery potion for 21 gold pieces
  5785 | D:5      | Entered Level 5 of the Dungeon
  5818 | D:4      | Reached * piety under Sif Muna
  6244 | D:5      | Found Soeleap's Antique Armour Shoppe.
  6283 | D:4      | Reached skill level 5 in Fire Magic
  6435 | D:5      | Reached skill level 1 in Fighting
  7020 | D:3      | Killed Natasha
  7020 | D:3      | Gained mutation: You are mostly covered in thin metallic
                  | scales. (AC +3) [demonic ancestry]
  7020 | D:3      | Reached XP level 8. HP: 54/54 MP: 9/15
  7028 | D:3      | Noticed Natasha
  7033 | D:3      | Killed Natasha
  7207 | D:3      | Noticed Natasha
  7210 | D:3      | Killed Natasha
  7361 | D:4      | Bought a short iron wand for 96 gold pieces
  7504 | D:6      | Found Wocuwosu's Antique Armour Shop.
  7517 | D:6      | Noticed Edmund
  7535 | D:6      | Killed Edmund
  7535 | D:6      | Reached skill level 1 in Evocations
  8152 | D:6      | Found a glowing silver altar of Zin.
  8636 | D:6      | Noticed Pikel
  8712 | D:5      | Reached ** piety under Sif Muna
  8748 | D:6      | Killed Pikel
  8748 | D:6      | Gained mutation: When hurt, damage is shared between your
                  | health and your magic reserves. [demonic ancestry]
  8748 | D:6      | Reached XP level 9. HP: 60/64 MP: 1/18
  8851 | D:6      | Quit the game

Vault maps used:
D:1:      dpeg_arrival_more_subterranean_lakeside_camping
D:2:      minmay_indecisive_spiral
D:3:      uniq_natasha
D:4:      minmay_temple_entry_grid, portal_sewer_entry_e, serial_shops,
          kennysheep_mini_moat, nicolae_shop_waterfront,
          nicolae_shop_temple_entry_statues_fountains, first_ration,
          kennysheep_nub, uniq_crazy_yiuf_cottage, uniq_blork_the_orc,
          uniq_eustachio
D:5:      serial_shops, nicolae_shop_statue_plus
D:6:      zin_academy, serial_shops, nicolae_shop_statue_plus, uniq_pikel,
          uniq_edmund
Temple:   bh_familiar_temple
Sewer:    sewer_co_15_rooms

Skill      XL: |  1  2  3  4  5  6  7  8 |
---------------+-------------------------+-----
Conjurations   | 2 3 4 5 6 |  6.4
Spellcasting   | 3 4 5 6 |  6.5
Fire Magic     | 3 4 5 6 |  6.0
Fighting       | 1 3 |  3.4
Evocations     | 2 |  2.6
Dodging        | |  1.7
Stealth        | |  1.7

Action                   |  1- 3 |  4- 6 |  7- 9 || total
-------------------------+-------+-------+-------++-------
Melee: Whip              |    35 |     2 |       ||    37
       Quarterstaff      |       |       |    33 ||    33
 Cast: Flame Tongue      |    80 |   105 |   128 ||   313
       Conjure Flame     |       |     2 |     5 ||     7
       Sticky Flame      |       |     2 |    24 ||    26
Invok: Divine Energy     |       |       |     1 ||     1
Evoke: Wand              |       |       |     1 ||     1
  Use: Scroll            |       |     4 |    10 ||    14
 Stab: Confused          |       |       |     1 ||     1
  Eat: Chunk             |     4 |     8 |    14 ||    26
       Ration            |       |     1 |       ||     1
Armor: Robe              |    24 |    24 |    32 ||    80
Dodge: Dodged            |    49 |    39 |    63 ||   151

Table legend:
 A = Non-vault XP
 B = Vault XP
 C = Vault XP percentage of total XP
 D = Non-vault monster count
 E = Vault monster count
 F = Vault count percentage of total count
                 A         B        C        D         E       F
            +---------+---------+-------+---------+---------+-------
      Total |    1742 |    1369 |  44.0 |     120 |      33 |  21.6
            +---------+---------+-------+---------+---------+-------
        D:1 |      42 |       0 |   0.0 |      25 |       0 |   0.0
        D:2 |      63 |       7 |  10.0 |      18 |       4 |  18.2
        D:3 |     170 |      33 |  16.3 |      19 |       1 |   5.0
        D:4 |     498 |     381 |  43.3 |      14 |      11 |  44.0
        D:5 |     292 |       0 |   0.0 |      21 |       0 |   0.0
        D:6 |     677 |     812 |  54.5 |      23 |       2 |   8.0
      Sewer |       0 |     136 | 100.0 |       0 |      15 | 100.0
            +---------+---------+-------+---------+---------+-------
